 Dungeon Crawl Stone Soup version 0.32-a0-666-ge8a88695a4 (webtiles) character file.

Game seed: 13021096750166486304

18719 Ruich the Summoner (level 12, -7/76 HPs)
             Began as a Tengu Summoner on Mar 8, 2024.
             Was an Initiate of Gozag.
             Engulfed by a fire crab's flame (23 damage)
             ... on level 2 of the Lair of Beasts on Mar 9, 2024.
             The game lasted 00:51:50 (14331 turns).

Ruich the Summoner (Tengu Summoner)                Turns: 14331, Time: 00:51:51

Health: -7/76      AC:  4    Str: 11    XL:     12   Next: 61%
Magic:  17/22      EV: 33    Int: 19    God:    Gozag
Gold:   911        SH:  0    Dex: 18    Spells: 12/24 levels left

rFire   . . .        D - +8 quarterstaff of Fujiotsafo {elec, rN+ Will+ Dex+4}
rCold   . . .        (shield currently unavailable)
rNeg    + . .        a - +0 robe
rPois   +            (helmet restricted)
rElec   .            p - +1 cloak
rCorr   .            (no gloves)
SInv    +            (boots unavailable)
Will    +....        d - amulet of magic regeneration
Stlth   +++          u - ring of see invisible
HPRegen 0.32/turn    y - ring of poison resistance
MPRegen 0.58/turn

%: acrobat
@: acrobatic, unable to call your familiar, flying, studying Throwing
A: beak, talons 3, evasive flight, acrobatic
a: Renounce Religion, Potion Petition, Call Merchant, Bribe Branch


You were on level 2 of the Lair of Beasts.
You worshipped Gozag.
Gozag was pleased with you.
You visited 2 branches of the dungeon, and saw 12 of its levels.
You also visited: Sewer.

You collected 2284 gold pieces.
You spent 728 gold pieces at shops.
You paid 645 gold pieces to Gozag.


Innate Abilities, Weirdness & Mutations

You have a beak for a mouth.
You have claws for feet.
Your magical flight helps you evade attacks. (EV +4)
You can magically evade attacks while moving or waiting.


   Skills:
 + Level 9.1 Fighting
 - Level 4.5 Dodging
 - Level 4.4 Stealth
 - Level 6.6 Spellcasting
 - Level 12.4 Summonings
 - Level 5.0 Fire Magic
 - Level 5.0 Air Magic
 * Level 9.8 Shapeshifting


You had 12 spell levels left.
You knew the following spells:

 Your Spells              Type           Power      Damage    Failure   Level
b - Summon Blazeheart Go  Fire/Summ      39%        N/A       3%          4
c - Call Canine Familiar  Summ           52%        N/A       1%          3
l - Summon Lightning Spi  Summ/Air       39%        N/A       3%          4
z - Summon Small Mammal   Summ           100%       N/A       1%          1

Your spell library contained the following spells:

 Spells                   Type           Power      Damage    Failure   Level
 Call Imp                 Summ           100%       N/A       1%          2
 Swiftness                Air            25%        N/A       4%          3
 Kiss of Death            Conj/Necr      24%        2d7       11%         1
 Ensorcelled Hibernation  Hex/Ice        12%        N/A       16%         2
 Confusing Touch          Hex            6%         N/A       32%         3
 Passwall                 Erth           6%         N/A       32%         3
 Ignite Poison            Fire/Alch      15%        N/A       36%         4
 Sticky Flame             Fire/Alch      15%        2d5       36%         4
 Dispel Undead            Necr           6%         3d8       71%         4
 Alistair's Intoxication  Alch           4%         N/A       96%         5
 Borgnjor's Vile Clutch   Necr/Erth      3%         N/A       96%         5
 Conjure Ball Lightning   Conj/Air       7%         3x3d6     99%         6
 Eringya's Noxious Bog    Alch           3%         4d6       100%        6
 Discord                  Hex            3%         N/A       100%        8
 Disjunction              Tloc           3%         N/A       100%        8
 Ignition                 Fire           12%        3d6       100%        8

Inventory:

Hand Weapons
 D - the +8 quarterstaff of Fujiotsafo (weapon) {elec, rN+ Will+ Dex+4}
   (You found it on level 7 of the Dungeon)

   Dex+4:     It affects your dexterity (+4).
   rN+:       It protects you from negative energy.
   Will+:     It increases your willpower.
Missiles
 g - 4 throwing nets {=f}
 B - 9 curare-tipped darts {=f}
Armour
 a - a +0 robe (worn)
 j - a +0 buckler
 p - a +1 cloak (worn)
Jewellery
 d - an amulet of magic regeneration (around neck)
 k - a ring of fire
 u - a ring of see invisible (left hand)
 y - a ring of poison resistance (right hand)
Talismans
 e - a granite talisman
 o - a maw talisman
Wands
 r - a wand of roots (22)
 v - a wand of mindburst (35)
 C - a wand of charming (6)
Scrolls
 h - 3 scrolls of vulnerability
 m - a scroll of silence {!r}
 n - 4 scrolls of amnesia
 w - 2 scrolls of blinking
 x - 2 scrolls of teleportation {@r2}
 A - 2 scrolls of immolation
 E - a scroll of identify {@r1}
Potions
 b - a potion of magic
 c - 3 potions of brilliance
 f - 3 potions of curing {@q1}
 i - 4 potions of might
 l - a potion of heal wounds {@q2}
 q - a potion of lignification
 s - a potion of berserk rage {!q}
 t - 4 potions of enlightenment
 z - 5 potions of mutation

Dungeon Overview and Level Annotations

Branches:
Dungeon (10/15) Zot: 25517  Temple (0/1) D:7            Lair (2/5) D:8 Zot: 10320
    Orc (0/2) D:10          Sewer (visited)
  Swamp: Lair:2-3    Shoals: Lair:2-3     Snake: Lair:2-3    Spider: Lair:2-3

Altars:
Cheibriados
Dithmenos
Elyvilon
Gozag
Nemelex Xobeh
Qazlal
Vehumet
Wu Jian
Yredelemnul
Beogh

Shops:
D:3 *   D:4 !

Annotations:
D:4 exclusion: inugami
Lair:2 2 transporters

##.......≈ ##.....$F≈≈
###......I.~≈ ## ###
##..........F≈ ##P#####.#
###......######.
#.....#..#####....t9...# ##
#.........##.....☼....####
#...............○........#..
##..........@○#○............
#..<.......○○☼°○............
#...........○○○.............
#............○##########....
#...............#B... ##..
#...............#.### .
#.............©©#©...
#...............#[###
#...............#....


You could see a fire crab (ally target) and a friendly blazeheart golem
(summoned, paralysed).


Message History

Confirm with . or Enter, or press ? or * to list all spells.
An electric hum fills the air.
The blink frog croaks.
You hear a loud, deep croak!
The fire crab barely misses you. The fire crab closely misses you.
Unknown command.
The fire crab bites you!
You are engulfed in flames!
* * * LOW HITPOINT WARNING * * *
The fire crab claws you.
* * * LOW HITPOINT WARNING * * *
You are engulfed in flames!
* * * LOW HITPOINT WARNING * * *
Your lightning spire shoots out a bolt of lightning at the blink frog!
Unknown command.
Blink to where?
Press: ? - help, Dir - move target
As you read the scroll of blinking, it crumbles to dust.
Unknown command.
Casting: Summon Lightning Spire (dangerous; 3% risk of failure)
Confirm with . or Enter, or press ? or * to list all spells.
A fiery spirit appears, bound in slag iron.
Your blazeheart golem's core grows cold and it stops moving.
The fire crab breathes flames at you. The blast of flame misses you.
Casting: Summon Blazeheart Golem (dangerous; 3% risk of failure)
Confirm with . or Enter, or press ? or * to list all spells.
Your canine familiar is too injured to answer your call.
Unknown command.
You are engulfed in blazing flames.
You die...
Your body crumbles into a pile of gold.

Skill      XL: |  1  2  3  4  5  6  7  8  9 10 11 12 |
---------------+-------------------------------------+-----
Summonings     | 5 6 7 9 10 12 | 12.4
Air Magic      | 1 4 5 |  5.0
Spellcasting   | 3 5 6 |  6.6
Fire Magic     | 2 4 5 |  5.0
Fighting       | 2 5 8 9 |  9.1
Dodging        | 3 4 |  4.5
Stealth        | 3 4 |  4.4
Shapeshifting  | 4 8 9 |  9.8

Action                     |  1- 3 |  4- 6 |  7- 9 | 10-12 || total
---------------------------+-------+-------+-------+-------++-------
  Melee: Unarmed           |    13 |       |       |       ||    13
         Kick              |     6 |    20 |    15 |    16 ||    57
         Peck              |     7 |     8 |     4 |     9 ||    28
         Short sword       |     2 |       |       |       ||     2
         Dagger            |     6 |    57 |    30 |       ||    93
         Quarterstaff      |       |       |     3 |    40 ||    43
   Cast: Summon Small Mamm |    34 |    12 |       |     2 ||    48
         Call Canine Famil |     9 |    21 |     8 |     7 ||    45
         Summon Lightning  |       |     5 |    29 |    44 ||    78
         Summon Blazeheart |       |       |    12 |    47 ||    59
 Invoke: Potion Petition   |       |       |       |     1 ||     1
    Use: Scroll            |       |     9 |     6 |     6 ||    21
         Potion            |       |       |       |     1 ||     1
   Stab: Sleeping          |       |     1 |       |       ||     1
         Distracted        |       |     1 |     1 |       ||     2
 Armour: Robe              |    13 |    26 |    27 |    79 ||   145
  Dodge: Dodged            |    25 |    59 |    57 |   225 ||   366

Levels and vault maps discovered:
D:1:      lightli_iron_boxes, layout_rooms, hex_medium,
          minmay_misc_feat_more_columns
D:2:      layout_loops_ring, hellmonk_ecumenical_altar_run_dry,
          minmay_lizard_pond, uniq_crazy_yiuf_cottage
D:3:      layout_loops_corners, serial_shops, shop
D:4:      layout_layer_cave, serial_shops, nicolae_shop_statue_plus,
          portal_sewer_entry_a, minmay_manual_mandibuliform
D:5:      layout_rooms, lemuel_round_altar
D:6:      layout_basic, mainiacjoe_overflow_catwalk_spiral,
          nicolae_dithmenos_shadow_blocks, uniq_pikel
D:7:      layout_basic, nicolae_vehumet_altar_sigil,
          minmay_temple_entry_statues_pillars, grunt_decor_clamped
D:8:      layout_basic, erik_lair_dragon
D:9:      layout_stronghold, cheibriados_altar_1, nrook_campfire,
          lightli_fourway_metalbox
D:10:     layout_gridville, minitemple, david_orc_5
Lair:1:   layout_regular_city, grunt_megastairs_3, uniq_joseph, uniq_nergalle
Lair:2:   gammafunk_boulding_lane, layout_hall_layers,
          minmay_snake_entry_six_corridors, st_stairs_7,
          nicolae_lair_lakeside_cave, serial_bayou_shore_b

Notes
Turn   | Place    | Note
-------+----------+-------------------------------------------
     0 | D:1      | Ruich the Tengu Summoner began the quest for the Orb.
     0 | D:1      | Reached XP level 1. HP: 10/10 MP: 4/4
    57 | D:1      | Reached skill level 5 in Summonings
   136 | D:1      | Reached XP level 2. HP: 15/15 MP: 4/6
   592 | D:1      | Reached XP level 3. HP: 19/19 MP: 4/7
   686 | D:1      | Learned a level 3 spell: Call Canine Familiar
  1120 | D:2      | Found a faded altar of an unknown god.
  1426 | D:2      | Reached skill level 6 in Summonings
  1680 | D:2      | Found a runed translucent door.
  1681 | D:2      | Noticed Crazy Yiuf
  1767 | D:2      | Killed Crazy Yiuf
  1768 | D:2      | Reached XP level 4. HP: 24/24 MP: 2/9
  1885 | D:3      | Learned a level 4 spell: Summon Lightning Spire
  2213 | D:3      | Found Haewawk's General Store.
  2244 | D:3      | Reached skill level 1 in Air Magic
  2926 | D:3      | Reached XP level 5. HP: 28/28 MP: 6/10
  2967 | D:4      | Reached skill level 2 in Air Magic
  2994 | D:4      | Reached skill level 3 in Air Magic
  3198 | D:4      | Reached skill level 7 in Summonings
  3198 | D:4      | Reached skill level 4 in Air Magic
  3198 | D:4      | Reached XP level 6. HP: 32/32 MP: 8/11
  3214 | D:4      | Found a glowing drain.
  3226 | Sewer    | Entered a sewer
  3227 | Sewer    | Noticed a nameless horror
  3230 | Sewer    | Killed a nameless horror
  3425 | Sewer    | Found a white marble altar of Elyvilon.
  3635 | D:4      | Found Bietunn's Distillery.
  3768 | D:4      | Reached skill level 5 in Air Magic
  4004 | D:4      | Reached skill level 3 in Spellcasting
  4650 | D:4      | Gained mutation: Your magical flight helps you evade
                  | attacks. (EV +4) [Tengu growth]
  4650 | D:4      | Reached XP level 7. HP: 35/36 MP: 9/12
  4733 | D:4      | Learned a level 4 spell: Summon Blazeheart Golem
  4756 | D:5      | Entered Level 5 of the Dungeon
  4808 | D:5      | Reached skill level 8 in Summonings
  4975 | D:5      | Reached skill level 1 in Fire Magic
  5103 | D:5      | Reached skill level 2 in Fire Magic
  5187 | D:5      | Reached skill level 9 in Summonings
  5187 | D:5      | Reached XP level 8. HP: 41/41 MP: 14/14
  5218 | D:5      | Reached skill level 4 in Spellcasting
  5250 | D:5      | Reached skill level 3 in Fire Magic
  5308 | D:5      | Found an opulent altar of Gozag.
  5437 | D:5      | Became a worshipper of Gozag Ym Sagoz the Greedy
  5629 | D:6      | Noticed Pikel
  5852 | D:6      | Killed Pikel
  5853 | D:6      | Reached skill level 10 in Summonings
  5853 | D:6      | Reached skill level 4 in Fire Magic
  5924 | D:6      | Reached skill level 5 in Spellcasting
  5924 | D:6      | Reached XP level 9. HP: 20/45 MP: 11/17
  6153 | D:6      | Found a stormy altar of Qazlal.
  6208 | D:6      | Reached skill level 11 in Summonings
  6216 | D:6      | Found a sparkling altar of Nemelex Xobeh.
  6221 | D:6      | Reached skill level 5 in Fire Magic
  6485 | D:6      | Found a shadowy altar of Dithmenos.
  6830 | D:7      | Identified the +8 quarterstaff of Fujiotsafo {elec, rN+
                  | Will+ Dex+4}
  6918 | D:7      | Found a radiant altar of Vehumet.
  7044 | D:7      | Reached skill level 1 in Fighting
  7192 | D:7      | Reached skill level 3 in Dodging
  7257 | D:7      | Found a staircase to the Ecumenical Temple.
  8153 | D:8      | Reached skill level 3 in Stealth
  8156 | D:8      | Reached skill level 2 in Fighting
  8156 | D:8      | Reached skill level 6 in Spellcasting
  8158 | D:8      | Reached skill level 12 in Summonings
  8160 | D:8      | Noticed a troll
  8175 | D:8      | Reached XP level 10. HP: 40/54 MP: 13/20
  8178 | D:8      | Reached skill level 4 in Dodging
  8178 | D:8      | Reached skill level 4 in Stealth
  8189 | D:8      | Reached skill level 3 in Fighting
  8806 | D:3      | Bought a scroll of acquirement for 676 gold pieces
  8806 | D:3      | Bought a potion of brilliance for 52 gold pieces
  8831 | D:3      | Acquired a granite talisman
  9272 | D:8      | Reached skill level 1 in Shapeshifting
  9332 | D:8      | Reached skill level 4 in Fighting
  9350 | D:8      | Reached skill level 2 in Shapeshifting
  9361 | D:8      | Reached skill level 3 in Shapeshifting
  9523 | D:8      | Found a staircase to the Lair.
  9837 | D:9      | Reached skill level 5 in Fighting
  9993 | D:9      | Reached skill level 4 in Shapeshifting
 10052 | D:9      | Noticed a catoblepas
 10070 | D:9      | Killed a catoblepas
 10071 | D:9      | Reached XP level 11. HP: 33/64 MP: 14/21
 10072 | D:9      | Reached skill level 5 in Shapeshifting
 10297 | D:9      | Found a snail-covered altar of Cheibriados.
 10928 | D:9      | Reached skill level 6 in Fighting
 11188 | D:10     | Entered Level 10 of the Dungeon
 11601 | D:10     | Reached skill level 6 in Shapeshifting
 11759 | D:10     | Found a roughly hewn altar of Beogh.
 11765 | D:10     | Found a staircase to the Orcish Mines.
 12155 | D:10     | Found a basalt altar of Yredelemnul.
 12162 | D:10     | Found an ornate altar of the Wu Jian Council.
 12163 | D:10     | Found a white marble altar of Elyvilon.
 12541 | D:10     | Upgraded the game from 0.32-a0-656-g3542139ebd to
                  | 0.32-a0-666-ge8a88695a4
 12664 | Lair:1   | Entered Level 1 of the Lair of Beasts
 12750 | Lair:1   | Reached skill level 7 in Fighting
 12750 | Lair:1   | Reached skill level 7 in Shapeshifting
 13059 | Lair:1   | Reached skill level 8 in Shapeshifting
 13060 | Lair:1   | Reached skill level 8 in Fighting
 13060 | Lair:1   | Reached XP level 12. HP: 54/73 MP: 13/22
 13361 | Lair:1   | Noticed Joseph
 13372 | Lair:1   | Killed Joseph
 13377 | Lair:1   | Noticed Nergalle
 13387 | Lair:1   | Killed Nergalle
 13388 | Lair:1   | Reached skill level 9 in Shapeshifting
 13845 | Lair:2   | Found a transporter.
 13847 | Lair:2   | Found a transporter.
 13850 | Lair:2   | Noticed a boulder beetle
 13979 | Lair:2   | Noticed a dire elephant
 14002 | Lair:2   | Killed a dire elephant
 14026 | Lair:2   | Reached skill level 9 in Fighting
 14331 | Lair:2   | Engulfed by a fire crab's flame

Vanquished Creatures
  A dire elephant (Lair:2)
  Nergalle (Lair:1)
  Pikel (D:6)
  6 elephants
  Joseph (Lair:1)
  A cane toad (Lair:1)
  A komodo dragon (Lair:1)
  2 rime drakes (Lair:2)
  A polar bear (Lair:1)
  3 trolls
  2 slime creatures (D:8)
  6 wyverns
  3 yaks
  A basilisk (D:8)
  A water moccasin (Lair:2)
  2 orc warriors
  A black bear (D:7)
  An ogre (D:7)
  3 lemures
  3 centaurs
  A nameless horror (Sewer)
  A kobold brigand (D:8)
  A scorpion (D:5)
  A killer bee (D:8)
  A howler monkey (D:10)
  2 orc priests
  Crazy Yiuf (D:2)
  3 hounds
  An iguana (D:5)
  A sleepcap (D:7)
  5 gnolls
  2 adders (D:3)
  A dart slug (D:4)
  5 orcs
  4 ball pythons
  2 endoplasms
  4 goblins
  7 hobgoblins
  3 kobolds
  A quokka (D:3)
  3 bats
  2 frilled lizards (D:3)
  4 rats
97 creatures vanquished.

Vanquished Creatures (collateral kills)
  A catoblepas (D:9)
  2 elephants (Lair:1)
  A black mamba (Lair:1)
  3 cane toads
  A troll (D:9)
  A hornet (D:10)
  14 yaks
  3 wyverns
  A wraith (D:10)
  2 steam dragons
  A water moccasin (Lair:1)
  2 black bears
  5 orc warriors (D:10)
  2 sky beasts
  2 ice beasts
  5 centaurs
  5 bullfrogs
  5 kobold brigands
  A lemure (D:6)
  A gnoll sergeant (D:9)
  3 scorpions
  3 wights (D:6)
  8 killer bees
  2 howler monkeys
  An electric eel (Lair:2)
  4 bombardier beetles
  A hound (D:6)
  2 orc priests
  2 gnoll boudas
  2 jellies
  5 iguanas
  3 orc wizards
  17 gnolls
  4 adders
  2 shadow imps
  2 ufetubi (D:5)
  2 ribbon worms
  29 orcs
  6 ball pythons
  6 endoplasms
  A giant cockroach (D:2)
  8 goblins
  4 hobgoblins
  3 jackals (Sewer)
  25 kobolds
  3 quokkas (D:1)
  6 frilled lizards
  3 rats
215 creatures vanquished.

Vanquished Creatures (others)
  38 blazeheart cores
38 creatures vanquished.

Grand Total: 350 creatures vanquished

Table legend: (Time is in decaauts)
 A = Elapsed time spent in this place.
 B = Non-inter-level travel time spent in this place.
 C = Inter-level travel time spent in this place.
 D = Time resting spent in this place.
 E = Time spent auto-exploring this place.
 F = Levels seen in this place.
 G = Mean time per level.
                   A        B        C        D        E       F      G
               +--------+--------+--------+--------+--------+-----+--------+
         Total |  14426 |  13648 |    778 |   3814 |   6619 |  13 | 1109.7 |
       Dungeon |  12327 |  11564 |    763 |   3086 |   5975 |  10 | 1232.7 |
          Lair |   1679 |   1665 |     14 |    620 |    514 |   2 |  839.5 |
         Sewer |    420 |    420 |      0 |    108 |    129 |   1 |  420.0 |
               +--------+--------+--------+--------+--------+-----+--------+

Top non-repeatable levels by time:
     D:8: 1807 daAuts
     D:9: 1425 daAuts
     D:4: 1370 daAuts
    D:10: 1369 daAuts
     D:3: 1366 daAuts
     D:2: 1182 daAuts
     D:7: 1176 daAuts
  Lair:1: 1169 daAuts
     D:5: 1058 daAuts
     D:6: 884 daAuts
     D:1: 685 daAuts
  Lair:2: 509 daAuts
   Sewer: 420 daAuts

Table legend:
 A = Non-vault XP
 B = Vault XP
 C = Vault XP percentage of total XP
 D = Non-vault monster count
 E = Vault monster count
 F = Vault count percentage of total count
                 A         B        C        D         E       F
            +---------+---------+-------+---------+---------+-------
      Total |   16674 |   10068 |  37.6 |     234 |      73 |  23.8
            +---------+---------+-------+---------+---------+-------
        D:1 |      34 |       0 |   0.0 |      20 |       0 |   0.0
        D:2 |      36 |      43 |  54.4 |      12 |       5 |  29.4
        D:3 |      56 |       0 |   0.0 |      20 |       0 |   0.0
        D:4 |     224 |     119 |  34.7 |      23 |       7 |  23.3
        D:5 |     959 |       0 |   0.0 |      34 |       0 |   0.0
        D:6 |     997 |     706 |  41.5 |      19 |       1 |   5.0
        D:7 |     730 |       0 |   0.0 |      13 |       0 |   0.0
        D:8 |    3183 |    1209 |  27.5 |      33 |       6 |  15.4
        D:9 |    1630 |    1166 |  41.7 |      17 |       4 |  19.0
       D:10 |    1780 |     768 |  30.1 |      20 |      19 |  48.7
     Lair:1 |    6899 |    2114 |  23.5 |      21 |       7 |  25.0
     Lair:2 |     146 |    3824 |  96.3 |       2 |      11 |  84.6
      Sewer |       0 |     119 | 100.0 |       0 |      13 | 100.0
            +---------+---------+-------+---------+---------+-------
